cohdb
Replays
Latest Replays
All Replays
Popular Replays
Top Player Replays
Match Explorer
How It Works
Community
CoH3 Stats
Reddit
Sign in to upload your games and track your stats! →
Sign in with Steam
Match 45321257
Unlisted
Match 45321257
Overview
Messages
Build Orders
End
250 Light Carrier
Panzerpioneer Squad
250 Light Carrier
Panzerpioneer Squad
Selects Panzerjäger Kommand Battlegroup
Selects Mine Fields
250 Light Carrier
Construct Light Support Kompanie
Selects GrB 39 Grenade Launcher Requisition
Combat Half-tracks
Construct Mechanized Kompanie
Support Armor Elements
Vehicle Survival Package
StuG III D Assault Gun
Emergency Repair Kits
Selects Early Warning
Assault Mechanized Group
Rapid Advance
Selects Butterfly Bomb Drop
Butterfly Bomb Drop
Construct Panzerarmee Kommand
Armored Reserves
250 Light Carrier
Tiger Heavy Tank
Selects Crew Shock Tactics
Selects Anti-tank Overwatch
Anti-tank Overwatch
Crew Shock Tactics
Anti-tank Overwatch
Panzer III Assault Group
18-tonne Recovery Half-track
T.R. Olvadi
Makros
[PD] Ducktus
Nico-Nico-Nii~~
tkech
库腾堡剑圣五河士道
XUAN ZHUAN
ZAPPER SCRIM
0
0
Comments
sign in to comment!
No comments posted yet!